 Dungeon Crawl Stone Soup version 0.21.1-1-g345015f (webtiles) character file.

5296 ftagen the Cleaver (level 10, -3/86 HPs)
             Began as a Minotaur Gladiator on Feb 23, 2018.
             Impaled on a porcupine's spines (9 damage)
             ... on level 8 of the Dungeon.
             The game lasted 01:22:06 (7187 turns).

ftagen the Cleaver (Minotaur Gladiator)             Turns: 7187, Time: 01:22:06

Health: -3/86      AC: 19    Str: 21    XL:     10   Next: 37%
Magic:  9/9        EV:  8    Int:  5    God:
Gold:   299        SH:  0    Dex: 13    Spells: 9/9 levels left

rFire    . . .     SeeInvis .   a - +0 war axe
rCold    . . .     Gourm    .   (no shield)
rNeg     . . .     Faith    .   l - +3 plate armour
rPois    .         Spirit   .   c - +0 hat
rElec    .         Reflect  .   (no cloak)
rCorr    +         Harm     .   (no gloves)
MR       .....                  F - +0 pair of boots
Stlth    ..........             r - amulet of magic regeneration
HPRegen  0.24/turn              z - +1 ring of protection
MPRegen  0.36/turn              E - ring of resist corrosion

@: no status effects
A: retaliatory headbutt, horns 2
a: no special abilities


You were on level 8 of the Dungeon.
You were not hungry.

You visited 1 branch of the dungeon, and saw 8 of its levels.

You collected 299 gold pieces.

Inventory:

Hand Weapons
 a - a +0 war axe (weapon)
 e - a +0 club
 k - a +2 flail of protection
 v - a cursed -3 trident
 y - a +4 quarterstaff of chaos
 I - a +0 battleaxe
Missiles
 d - 2 throwing nets (quivered)
 i - 19 bolts
 j - 69 arrows
 p - 36 poisoned needles
 J - 3 poisoned tomahawks
Armour
 b - a +0 leather armour
 c - a +0 hat (worn)
 g - a +0 ring mail
 h - a +0 robe
 l - a +3 plate armour (worn)
 o - a +0 helmet
 x - a +0 scale mail
 B - a +0 helmet
 F - a +0 pair of boots (worn)
Jewellery
 r - an amulet of magic regeneration (around neck)
 z - a +1 ring of protection (left hand)
 D - an uncursed ring of wizardry
 E - a ring of resist corrosion (right hand)
Wands
 H - a wand of acid (11)
 K - a wand of polymorph (9)
Scrolls
 n - 3 scrolls of teleportation
 q - a scroll of noise
 t - a scroll of amnesia {unknown}
 u - a scroll of enchant weapon {unknown}
 w - a scroll of magic mapping
 A - 3 scrolls of blinking
 G - 2 scrolls of torment {unknown}
Potions
 m - a potion of haste
 C - a potion of curing
Books
 s - a book of Changes

   Spells                             Type                      Level
   a - Beastly Appendage              Transmutation                1
   b - Sticks to Snakes               Transmutation                2
   c - Spider Form                    Transmutation/Poison         3
   d - Ice Form                       Ice/Transmutation            4
   e - Blade Hands                    Transmutation                5
Comestibles
 f - 6 rations


   Skills:
 + Level 7.5 Fighting
 + Level 12.3 Axes
 + Level 6.1 Staves
 + Level 2.4 Throwing
 + Level 9.2 Armour
 + Level 4.5 Dodging
 + Level 1.3 Stealth


You had 9 spell levels left.
You didn't know any spells.

Dungeon Overview and Level Annotations

Branches:
Dungeon (8/15)             Temple (0/1) D:7
   Lair: D:8-11

Altars:
Ashenzari
Cheibriados
Dithmenos
Fedhas
Gozag
Hepliaklqana
Kikubaaqudgha
Makhleb
Qazlal
Ru
Trog
Wu Jian
Xom

Shops:
D:6 }


Innate Abilities, Weirdness & Mutations

You reflexively headbutt those who attack you in melee.
You have a pair of horns on your head.


Message History

The crocodile is almost dead.
You slash the yak! x2
You kill the yak!
You slash the porcupine! The crocodile bites you.
* * * LOW HITPOINT WARNING * * *
The yak gores you but does no damage. The porcupine barely misses you.
You furiously retaliate!
You headbutt the porcupine.
Your plate armour prevents you from hitting the crocodile.
The crocodile is almost dead.
You hit the yak but do no damage. You slash the porcupine!
You kill the porcupine!
The crocodile bites you but does no damage.
The yak snorts and paws the ground.
The yak misses you. The porcupine bites you.
* * * LOW HITPOINT WARNING * * *
You hit the crocodile but do no damage. Your headbutt misses the crocodile.
The crocodile is almost dead.
You hit the yak but do no damage.
You are struck by the porcupine's spines.
You die...

P...! . ... P....♣. ..
...P.P.###....
.P.P.....#..#....#
....P....... ..# ##
......P.Yr.# ##.#####.#
......YrtY## #........#
...# #@†.# ##.......##
##..# ##..# ###...>...
#(.# #..## #.......
##<(# #...# #.......
#..## ##..## ###.......
..####..##
#...###.......##
.......))##
##..##.......##
#....##...###
###...........# #...#
###...####............##


You could see 3 yaks, a crocodile and 2 porcupines.

Vanquished Creatures
  Pikel (D:3)
  Joseph (D:7)
  2 hippogriffs (D:7)
  3 yaks (D:8)
  Eustachio (D:4)
  Menkaure (D:4)
  Edmund (D:4)
  Duvessa (D:4)
  2 porcupines (D:8)
  3 ice beasts
  2 sky beasts
  4 slaves
  A black bear (D:6)
  A hornet zombie (D:7)
  3 ogres
  A necrophage (D:7)
  A centaur (D:6)
  3 phantoms
  A crocodile (D:8)
  Dowan (D:4)
  5 bullfrogs
  A wyvern skeleton (D:6)
  A scorpion (D:6)
  5 killer bees (D:7)
  2 crimson imps
  A centaur skeleton (D:7)
  A bullfrog skeleton (D:4)
  4 hounds
  Crazy Yiuf (D:4)
  5 orc priests
  Jessica (D:2)
  3 iguanas
  4 orc wizards
  3 worker ants
  A killer bee zombie (D:7)
  A hound zombie (D:6)
  4 hound skeletons
  Robin (D:2)
  A howler monkey skeleton (D:4)
  7 adders
  A shadow imp (D:6)
  3 oozes
  3 worms
  3 leopard geckos
  26 orcs
  5 giant cockroaches
  17 goblins
  7 hobgoblins
  4 quokkas
  A ball python (D:3)
  9 bats
  11 frilled lizards
  3 kobolds (D:1)
  7 rats
186 creatures vanquished.

Notes
Turn   | Place    | Note
-------+----------+-------------------------------------------
     0 | D:1      | ftagen the Minotaur Gladiator began the quest for the Orb.
     0 | D:1      | Reached XP level 1. HP: 18/18 MP: 0/0
    28 | D:1      | Reached XP level 2. HP: 13/25 MP: 1/1
   174 | D:1      | Reached skill level 4 in Axes
   929 | D:2      | Reached XP level 3. HP: 31/31 MP: 2/2
  1003 | D:2      | Noticed Robin
  1018 | D:2      | Killed Robin
  1486 | D:2      | Noticed Jessica
  1496 | D:2      | Killed Jessica
  1496 | D:2      | Reached XP level 4. HP: 36/38 MP: 3/3
  1629 | D:2      | Reached skill level 1 in Armour
  1906 | D:2      | Reached skill level 5 in Axes
  1907 | D:2      | You fall through a shaft!
  2328 | D:3      | Reached XP level 5. HP: 45/45 MP: 4/4
  2386 | D:3      | Found a burning altar of Makhleb.
  2649 | D:4      | Noticed a slave
  2650 | D:4      | Noticed Menkaure
  2651 | D:4      | Noticed a slave
  2652 | D:4      | Noticed Pikel
  2652 | D:4      | Noticed a slave
  2654 | D:4      | Noticed a slave
  2661 | D:4      | Killed Menkaure
  2661 | D:4      | Reached skill level 6 in Axes
  2661 | D:4      | Reached XP level 6. HP: 8/52 MP: 5/5
  2662 | D:4      | Killed a slave
  2666 | D:4      | Killed a slave
  2669 | D:4      | Killed a slave
  2669 | D:4      | HP: 2/52 [orc priest/divine providence (7)]
  2975 | D:3      | Killed a slave
  2980 | D:3      | Killed Pikel
  2980 | D:3      | Reached skill level 7 in Axes
  2980 | D:3      | Reached XP level 7. HP: 6/60 MP: 6/6
  3261 | D:4      | Reached skill level 5 in Armour
  3281 | D:4      | Noticed Duvessa
  3368 | D:4      | Noticed Dowan
  3376 | D:4      | Killed Duvessa
  3376 | D:4      | Reached skill level 5 in Fighting
  3376 | D:4      | Reached skill level 8 in Axes
  3380 | D:4      | Killed Dowan
  3399 | D:4      | Noticed Edmund
  3407 | D:4      | Killed Edmund
  3407 | D:4      | Reached XP level 8. HP: 62/68 MP: 7/7
  3496 | D:4      | Found an ornate altar of the Wu Jian Council.
  3541 | D:4      | Noticed Eustachio
  3583 | D:4      | Killed Eustachio
  3854 | D:4      | Reached skill level 9 in Axes
  3910 | D:4      | Found a runed door.
  4079 | D:4      | Noticed Crazy Yiuf
  4087 | D:4      | Killed Crazy Yiuf
  4147 | D:5      | Entered Level 5 of the Dungeon
  4481 | D:5      | Found a glowing drain.
  4792 | D:5      | Reached skill level 1 in Staves
  4921 | D:6      | Reached skill level 10 in Axes
  5016 | D:6      | Reached XP level 9. HP: 55/75 MP: 8/8
  5287 | D:6      | Found a hazy altar of Hepliaklqana.
  5349 | D:6      | Found Gilugg's Gadget Boutique.
  5680 | D:7      | Found a snail-covered altar of Cheibriados.
  5703 | D:7      | Found a sacrificial altar of Ru.
  5703 | D:7      | Found a blossoming altar of Fedhas.
  5704 | D:7      | Found a shimmering altar of Xom.
  5704 | D:7      | Found a stormy altar of Qazlal.
  5705 | D:7      | Found a shattered altar of Ashenzari.
  5705 | D:7      | Found a bloodstained altar of Trog.
  5710 | D:7      | Noticed Joseph
  5724 | D:7      | Found an ancient bone altar of Kikubaaqudgha.
  5724 | D:7      | Found an opulent altar of Gozag.
  5731 | D:7      | Killed Joseph
  5731 | D:7      | Reached skill level 11 in Axes
  5733 | D:7      | Found a hazy altar of Hepliaklqana.
  5733 | D:7      | Found an opulent altar of Gozag.
  5735 | D:7      | Found a shimmering altar of Xom.
  5735 | D:7      | Found a shattered altar of Ashenzari.
  5741 | D:7      | Found a staircase to the Ecumenical Temple.
  5869 | D:7      | Reached skill level 5 in Staves
  5869 | D:7      | Reached skill level 1 in Stealth
  6157 | D:7      | Found a shadowy altar of Dithmenos.
  6180 | D:7      | Reached XP level 10. HP: 74/86 MP: 9/9
  6309 | D:7      | Reached skill level 12 in Axes
  7187 | D:8      | Impaled on a porcupine's spines

Skill      XL: |  1  2  3  4  5  6  7  8  9 10 |
---------------+-------------------------------+-----
Axes           | 4 5 6 7 8 10 11 12 | 12.3
Fighting       | 3 4 5 6 7 |  7.5
Armour         | 1 3 4 5 6 8 9 |  9.2
Dodging        | 4 |  4.5
Staves         | 2 5 6 |  6.1
Stealth        | 1 |  1.3
Throwing       | |  2.4

Action                   |  1- 3 |  4- 6 |  7- 9 | 10-12 || total
-------------------------+-------+-------+-------+-------++-------
Melee: War axe           |    63 |    99 |   177 |    43 ||   382
       Headbutt          |    15 |    17 |    60 |    15 ||   107
       Quarterstaff      |       |       |   111 |    17 ||   128
Throw: Tomahawk          |       |       |       |     2 ||     2
       Throwing net      |       |       |       |     1 ||     1
  Use: Scroll            |     6 |     4 |     7 |       ||    17
       Potion            |     3 |     4 |     5 |       ||    12
 Stab: Petrifying        |       |       |       |     1 ||     1
  Eat: Ration            |     1 |     1 |     4 |       ||     6
       Chunk             |     1 |       |       |       ||     1
Armor: Leather armour    |     3 |       |       |       ||     3
       Ring mail         |     1 |       |       |       ||     1
       Plate armour      |    23 |    97 |   270 |    78 ||   468
Dodge: Dodged            |    40 |    60 |   115 |    39 ||   254
